[Event "fics rated crazyhouse match"]
[Site "fics, Oklahoma City, OK USA"]
[Date "2000.02.13"]
[White "Thufir"]
[WhiteElo "2339"]
[Black "XXNoWay"]
[BlackElo "2331"]
[TimeControl "60+0"]
[Result "1-0"]

1. e4 e6 2. Nc3 Nc6 3. d4 Nf6 4. e5 Nd5 5. Nf3 Bb4 6. Bd3 
Bxc3+ 7. bxc3 Nxc3 8. Qd2 Nd5 9. O-O N@f4 10. B@e4 Nxd3 11. c3 Nxc1 
12. Raxc1 B@f4 13. N@h5 Bxd2 14. Nxg7+ Kf8 15. Nxd2 Kxg7 16. Bxd5 N@h3+ 17. gxh3 
Qg5+ 18. Bg2 Qxd2 19. B@f6+ Kg8 20. P@g7 N@e2+ 21. Kh1 
{XXNoWay resigns} 1-0

[Event "fics rated crazyhouse match"]
[Site "fics, Oklahoma City, OK USA"]
[Date "2000.02.13"]
[White "XXNoWay"]
[WhiteElo "2323"]
[Black "Thufir"]
[BlackElo "2347"]
[TimeControl "60+0"]
[Result "0-1"]

1. e4 e6 2. Nc3 Nc6 3. Nf3 Nf6 4. Bb5 Bb4 5. d3 d5 6. e5 
Ng4 7. O-O Bd7 8. Bxc6 Bxc6 9. Bg5 B@e7 10. Bxe7 Bxe7 11. h3 d4 
12. hxg4 dxc3 13. bxc3 Bxf3 14. Qxf3 N@g5 15. Qe3 N@d5 16. Qe2 Nxc3 17. Qd2 
Nd5 18. N@h5 Rg8 19. P@f4 P@c3 20. fxg5 cxd2 21. B@a4+ B@c6 22. Bxc6+ bxc6 
23. B@e4 Bxg5 24. Bxh7 P@e2 25. Bxg8 exf1=Q+ 26. Rxf1 R@e1 27. Bxf7+ Kxf7 28. P@g6+ 
Ke8 29. B@f7+ Ke7 30. P@d6+ cxd6 31. N@g8+ Kd7 32. Bxe6+ Kxe6 33. P@f5+ Kd7 
34. R@f7+ P@e7 35. e6+ Kc7 36. N@a6+ Kb7 37. Rxe1 dxe1=Q+ 38. R@f1 Qxf1+ 39. Kxf1 
Q@d1# 
{XXNoWay checkmated} 0-1

[Event "fics rated crazyhouse match"]
[Site "fics, Oklahoma City, OK USA"]
[Date "2000.02.13"]
[White "Thufir"]
[WhiteElo "2354"]
[Black "XXNoWay"]
[BlackElo "2316"]
[TimeControl "60+0"]
[Result "1-0"]

1. e4 e6 2. Nc3 Nf6 3. d4 d5 4. exd5 exd5 5. Bb5+ c6 6. Qe2+ 
Be7 7. Bf4 P@d6 8. Bd3 O-O 9. P@e5 dxe5 10. dxe5 Ne4 11. Nxe4 dxe4 
12. Bxe4 P@f5 13. Bd3 N@d5 14. Bg3 f4 15. P@d6 Bg5 16. P@e7 Nxe7 17. dxe7 
Qxe7 18. Bxf4 Bxf4 19. P@f6 Qxe5 20. Qxe5 B@d2+ 21. Kf1 Bxe5 22. N@e7+ Kh8 
23. fxg7+ Bxg7 24. N@h5 Re8 25. P@f6 Bgh6 26. Nf3 Bdf4 27. Nxf4 Bg4 28. B@g7+ 
Bxg7 29. fxg7+ Kxg7 30. B@h6+ Kf6 31. Q@e5# 
{XXNoWay checkmated} 1-0

[Event "fics rated crazyhouse match"]
[Site "fics, Oklahoma City, OK USA"]
[Date "2000.02.13"]
[White "XXNoWay"]
[WhiteElo "2309"]
[Black "Thufir"]
[BlackElo "2361"]
[TimeControl "60+0"]
[Result "0-1"]

1. e4 e6 2. Nc3 Nc6 3. Nf3 Nf6 4. Bb5 Bb4 5. d3 d5 6. e5 
Nd7 7. Bxc6 bxc6 8. O-O B@g4 9. Bf4 Bxc3 10. bxc3 N@g6 11. B@g5 f6 
12. exf6 gxf6 13. N@g7+ Kf7 14. Bh6 P@e4 15. dxe4 dxe4 16. P@h5 exf3 17. hxg6+ 
hxg6 18. Nxe6 Bxe6 19. Qxf3 N@h4 20. Qe4 P@d5 21. Qd4 N@e2+ 22. Kh1 Nxd4 
23. cxd4 P@h3 24. N@e3 hxg2+ 25. Nxg2 Nxg2 26. P@h5 Nxf4 27. hxg6+ Nxg6 28. P@g2 
Rxh6 29. P@h5 Rxh5 30. N@f3 P@h3 31. Rg1 hxg2+ 32. Rxg2 P@h3 33. Rag1 hxg2+ 
34. Rxg2 P@h3 35. Rxg6 Q@f1# 
{XXNoWay resigns} 0-1

[Event "fics rated crazyhouse match"]
[Site "fics, Oklahoma City, OK USA"]
[Date "2000.02.13"]
[White "Thufir"]
[WhiteElo "2368"]
[Black "XXNoWay"]
[BlackElo "2302"]
[TimeControl "60+0"]
[Result "1-0"]

1. e4 e5 2. Nc3 d6 3. Bc4 Be7 4. Nf3 Nf6 5. d3 O-O 6. O-O 
Nc6 7. h3 h6 8. Be3 Be6 9. Nd5 Bxd5 10. exd5 Na5 11. B@e4 Nxc4 
12. dxc4 Nxe4 13. N@f5 B@g6 14. Nxe7+ Qxe7 15. B@d3 B@h5 16. Bxe4 Bxe4 17. N@g3 
Bexf3 18. gxf3 N@f4 19. Bxf4 exf4 20. Nxh5 B@e2 21. N@f5 Qg5+ 22. B@g4 Bxd1 
23. Raxd1 N@e2+ 24. Kh1 N@h4 25. Nxh4 Qxh4 26. N@g2 Qg5 27. B@h4 Qg6 28. B@f5 
Qxh5 29. Bxh5 Q@h8 30. Rde1 Nd4 31. Nxf4 Nxf3 32. P@h7+ Qxh7 33. Bxh7+ Kh8 
34. Q@e4 P@g2+ 35. Kxg2 Nxh4+ 36. Kg3 N@f5+ 37. Bxf5 Nxf5+ 38. Qxf5 P@h4+ 39. Kf3 
B@e4+ 40. Ke2 B@d1+ 41. Kxd1 B@e2+ 42. Kc1 
{XXNoWay forfeits on time} 1-0

[Event "fics rated crazyhouse match"]
[Site "fics, Oklahoma City, OK USA"]
[Date "2000.02.13"]
[White "XXNoWay"]
[WhiteElo "2295"]
[Black "Thufir"]
[BlackElo "2375"]
[TimeControl "60+0"]
[Result "0-1"]

1. e4 e6 2. Nc3 Nc6 3. Nf3 Nf6 4. Bb5 Bb4 5. e5 Nd5 6. Bxc6 
bxc6 7. O-O Bxc3 8. dxc3 N@f4 9. B@g5 B@e2 10. Bxd8 Bxd1 11. Rxd1 Ne2+ 
12. Kf1 Nxc1 13. Raxc1 Kxd8 14. B@h4+ B@e7 15. Bxe7+ Nxe7 16. N@g5 Ba6+ 17. Kg1 
Ke8 18. Nxf7 Rf8 19. N7g5 B@h5 20. P@f7+ Bxf7 21. Nxf7 Rxf7 22. N@c5 N@e2+ 
23. Kh1 P@h3 24. gxh3 B@g2+ 25. Kxg2 Nf4+ 26. Kg3 Q@g2+ 27. Kh4 Nf5# 
{XXNoWay checkmated} 0-1

[Event "fics rated crazyhouse match"]
[Site "fics, Oklahoma City, OK USA"]
[Date "2000.02.13"]
[White "Thufir"]
[WhiteElo "2381"]
[Black "XXNoWay"]
[BlackElo "2289"]
[TimeControl "60+0"]
[Result "1-0"]

1. e4 e6 2. d4 Nc6 3. Nf3 Be7 4. Nc3 Nf6 5. Bd3 d5 6. exd5 
exd5 7. P@e5 Ng4 8. Bb5 O-O 9. O-O P@e4 10. Ne1 a6 11. Bxc6 bxc6 
12. h3 B@h2+ 13. Kh1 Nxe5 14. dxe5 Bxe5 15. N@h5 P@g6 16. Ng3 Bxg3 17. fxg3 
d4 18. Nxe4 N@f5 19. P@h2 P@e3 20. Nf3 c5 21. B@c6 Rb8 22. N@d5 Be6 
23. Nxe7+ Qxe7 24. B@g5 f6 25. Bf4 N@d6 26. Nxd6 cxd6 27. N@d5 Bxd5 28. Bxd5+ 
Kh8 29. B@e6 N@f2+ 30. Rxf2 exf2 31. N@e2 N@e3 32. Bcxe3 Nxe3 33. Bxe3 dxe3 
34. N@g4 B@h5 35. Nxe3 Bxf3 36. gxf3 B@e5 37. Kg2 Bxb2 38. Kxf2 P@d4 39. P@f5 
dxe3+ 40. Kxe3 Bxa1 41. Qxa1 N@c4+ 42. Kf2 R@e3 43. Kg2 Rxe2+ 44. P@f2 Rxf2+ 
45. Kxf2 R@d2+ 46. Ke1 P@e3 47. B@e2 N@g2+ 48. Kf1 
{XXNoWay forfeits on time} 1-0

[Event "fics rated crazyhouse match"]
[Site "fics, Oklahoma City, OK USA"]
[Date "2000.02.13"]
[White "XXNoWay"]
[WhiteElo "2283"]
[Black "Thufir"]
[BlackElo "2387"]
[TimeControl "60+0"]
[Result "1-0"]

1. e4 e6 2. Nc3 Nc6 3. Nf3 Bb4 4. Bb5 Nf6 5. d3 d5 6. e5 
Ng4 7. O-O d4 8. Bxc6+ bxc6 9. Ne4 B@d5 10. h3 Bxe4 11. dxe4 Nxf2 
12. Rxf2 P@e3 13. Bxe3 dxe3 14. Qxd8+ Kxd8 15. B@g5+ B@e7 16. Bxe3 N@c4 17. Rd1+ 
Ke8 18. N@h5 Rg8 19. N@f6+ gxf6 20. Nxf6+ Bxf6 21. exf6 Ba6 22. Q@d7+ Kf8 
23. P@g7+ Rxg7 24. fxg7+ Kxg7 25. B@h6+ Kg8 26. R@g7+ Kh8 27. Rxh7+ Kxh7 28. Qxf7+ 
Kh8 29. Qg7# 
{Thufir checkmated} 1-0

[Event "fics rated crazyhouse match"]
[Site "fics, Oklahoma City, OK USA"]
[Date "2000.02.13"]
[White "Thufir"]
[WhiteElo "2377"]
[Black "XXNoWay"]
[BlackElo "2293"]
[TimeControl "60+0"]
[Result "1-0"]

1. e4 d6 2. d4 Nc6 3. Nf3 Nf6 4. Nc3 e6 5. d5 Ne5 6. Nxe5 
dxe5 7. Bb5+ Bd7 8. dxe6 Bxb5 9. exf7+ Kxf7 10. N@g5+ Ke8 11. P@f7+ Ke7 
12. Qxd8+ Kxd8 13. Nxb5 Q@b4+ 14. Nc3 B@d4 15. Ne6+ Kd7 16. B@e8+ Nxe8 17. fxe8=Q+ 
Rxe8 18. Q@f7+ B@e7 19. Nxf8+ Rhxf8 20. B@e6+ Kc6 21. Bd5+ Kb6 22. N@d7+ Ka5 
23. Nxf8 Bxc3+ 24. bxc3 Qxc3+ 25. B@d2 Bb4 26. Bxc3 Bxc3+ 27. P@d2 B@b4 28. Qxe8 
Bxd2+ 29. Bxd2 Bxd2+ 30. Kxd2 P@c3+ 31. Ke2 N@d4+ 32. Kf1 
{XXNoWay forfeits on time} 1-0

[Event "fics rated crazyhouse match"]
[Site "fics, Oklahoma City, OK USA"]
[Date "2000.02.13"]
[White "XXNoWay"]
[WhiteElo "2287"]
[Black "Thufir"]
[BlackElo "2383"]
[TimeControl "60+0"]
[Result "1-0"]

1. e4 e6 2. Nc3 Nc6 3. Nf3 Nf6 4. Bb5 d6 5. O-O Be7 6. d3 
O-O 7. Bxc6 bxc6 8. Bg5 Ng4 9. Bxe7 Qxe7 10. B@h4 f6 11. h3 Nh6 
12. N@h5 B@g6 13. Ng3 e5 14. Nh2 B@f4 15. Ng4 Nxg4 16. hxg4 Bxg3 17. Bxg3 
N@f4 18. Bxf4 exf4 19. B@f5 Bgxf5 20. gxf5 N@h4 21. B@h3 B@b6 22. d4 B@b4 
23. Qg4 Bxc3 24. bxc3 Qxe4 25. Qxh4 P@g5 26. Qg4 N@h6 27. B@b3+ d5 28. Qh5 
Bxf5 29. Bxf5 Qxf5 30. N@e7+ Kh8 31. Nxf5 Nxf5 32. N@g6+ Kg8 33. Q@h8+ Kf7 
34. Ne5+ Ke7 35. Qxf8+ Rxf8 36. R@d7+ Ke6 37. B@f7+ Rxf7 38. Qxf7# 
{Thufir checkmated} 1-0

[Event "fics rated crazyhouse match"]
[Site "fics, Oklahoma City, OK USA"]
[Date "2000.02.13"]
[White "Thufir"]
[WhiteElo "2373"]
[Black "XXNoWay"]
[BlackElo "2297"]
[TimeControl "60+0"]
[Result "1-0"]

1. e4 e5 2. Nc3 d6 3. Bc4 Be7 4. Nf3 Nf6 5. d4 exd4 6. Nxd4 
O-O 7. P@e6 fxe6 8. Bxe6+ Kh8 9. Bxc8 Qxc8 10. B@f5 Qd8 11. Ne6 Qe8 
12. P@h6 gxh6 13. Bxh6 B@h5 14. P@g7+ Kg8 15. gxf8=Q+ Bxf8 16. Bxf8 Bxd1 17. Rxd1 
P@e3 18. O-O P@f3 19. R@g3+ P@g6 20. gxf3 P@f4 21. Nxf4 exf2+ 22. Rxf2 Qxf8 
23. B@b3+ Kg7 24. P@h6+ Kxh6 25. B@g5+ Kg7 26. P@h6+ Kh8 27. P@g7+ Qxg7 28. hxg7# 
{XXNoWay resigns} 1-0

[Event "fics rated crazyhouse match"]
[Site "fics, Oklahoma City, OK USA"]
[Date "2000.02.13"]
[White "XXNoWay"]
[WhiteElo "2291"]
[Black "Thufir"]
[BlackElo "2379"]
[TimeControl "60+0"]
[Result "0-1"]

1. e4 e6 2. Nc3 Nc6 3. Nf3 Nf6 4. Bb5 a6 5. Bxc6 bxc6 6. e5 
Nd5 7. Nxd5 cxd5 8. d4 B@e4 9. O-O Be7 10. N@h5 Rg8 11. N@g5 Bxf3 
12. Nxf3 N@f5 13. B@g5 f6 14. Bgf4 N@g6 15. Bce3 fxe5 16. dxe5 P@e4 17. Ng5 
Nxf4 18. P@f7+ Kf8 19. fxg8=Q+ Kxg8 20. Bxf4 Bxg5 21. Bxg5 Qxg5 22. R@g4 Qxg4 
23. Qxg4 B@g6 24. N@f6+ gxf6 25. Nxf6+ Kf7 26. Q@g8+ Ke7 
{XXNoWay forfeits on time} 0-1

[Event "fics rated crazyhouse match"]
[Site "fics, Oklahoma City, OK USA"]
[Date "2000.02.13"]
[White "Thufir"]
[WhiteElo "2385"]
[Black "XXNoWay"]
[BlackElo "2285"]
[TimeControl "60+0"]
[Result "0-1"]

1. e4 e6 2. d4 Nf6 3. e5 Nd5 4. Nf3 Be7 5. Be2 O-O 6. O-O 
Nc6 7. c4 Nb6 8. Be3 d5 9. c5 Nc4 10. Bxc4 dxc4 11. N@h5 B@d5 
12. Nxg7 Kxg7 13. P@f6+ Bxf6 14. exf6+ Qxf6 15. B@e5 Nxe5 16. dxe5 Qg6 17. N@f4 
Qf5 18. Nxd5 exd5 19. B@h6+ Kg8 20. Qxd5 B@e4 21. P@g7 Re8 22. Qxe4 Qxe4 
23. Nc3 Qxf3 24. gxf3 N@h3+ 25. Kh1 P@g2+ 26. Kxg2 N@h4+ 27. Kg3 N@f5+ 28. Kg4 
P@h5+ 29. Kxh5 Q@g6# 
{Thufir checkmated} 0-1

[Event "fics rated crazyhouse match"]
[Site "fics, Oklahoma City, OK USA"]
[Date "2000.02.13"]
[White "XXNoWay"]
[WhiteElo "2295"]
[Black "Thufir"]
[BlackElo "2375"]
[TimeControl "60+0"]
[Result "0-1"]

1. e4 e6 2. Nc3 Nc6 3. Nf3 Bb4 4. Bb5 a6 5. Bxc6 dxc6 6. N@h5 
B@f8 7. d3 Nf6 8. Nxf6+ gxf6 9. e5 fxe5 10. Nxe5 P@f6 11. Nxf7 Kxf7 
12. P@e5 Bg7 13. Qh5+ N@g6 14. exf6 Qxf6 15. N@g5+ Ke7 16. O-O Bxc3 17. bxc3 
P@h6 18. Nxh7 Rxh7 19. P@g5 hxg5 20. Qxh7 P@f3 21. gxf3 N@e2+ 22. Kh1 Nxc1 
23. P@g2 Ne2 
{XXNoWay forfeits on time} 0-1

[Event "fics rated crazyhouse match"]
[Site "fics, Oklahoma City, OK USA"]
[Date "2000.02.13"]
[White "Thufir"]
[WhiteElo "2381"]
[Black "XXNoWay"]
[BlackElo "2289"]
[TimeControl "60+0"]
[Result "1-0"]

1. e4 e6 2. d4 d6 3. Nf3 Nf6 4. Nc3 Rg8 5. Bd3 Be7 6. e5 
dxe5 7. dxe5 P@e4 8. Nxe4 Nxe4 9. Bxe4 Qxd1+ 10. Kxd1 N@g4 11. Rf1 Q@d4+ 
12. Nxd4 Bc5 13. P@c3 Bxd4 14. cxd4 f5 15. exf6 gxf6 16. B@h5+ P@g6 17. Bxg4 
{XXNoWay resigns} 1-0

[Event "fics rated crazyhouse match"]
[Site "fics, Oklahoma City, OK USA"]
[Date "2000.02.13"]
[White "XXNoWay"]
[WhiteElo "2283"]
[Black "Thufir"]
[BlackElo "2387"]
[TimeControl "60+0"]
[Result "1-0"]

1. e4 e6 2. b3 Nc6 3. Bb2 Nf6 4. d3 d5 5. e5 Nd7 6. Nf3 
Be7 7. Nbd2 O-O 8. Be2 f6 9. exf6 Bxf6 10. Bxf6 Nxf6 11. B@g5 B@e7 
12. O-O P@h6 13. Bxf6 Bxf6 14. P@b5 Bxa1 15. bxc6 Bf6 16. cxb7 Bxb7 17. N@h5 
B@g4 18. Nxf6+ Qxf6 19. P@e5 Qf7 20. B@h4 N@f5 21. Bg3 P@e4 22. Nh4 Bxe2 
23. Qxe2 exd3 24. cxd3 Nxh4 25. Bxh4 N@d4 26. Qg4 B@f5 27. N@e7+ Kh8 28. Nxf5 
Nxf5 29. B@h5 P@g6 30. Bxg6 hxg6 31. P@f6 gxf6 32. Bxf6+ P@g7 33. Bxg7+ Nxg7 
34. P@f6 Nh5 35. P@g7+ Nxg7 36. fxg7+ Kxg7 37. P@f6+ Kh7 38. N@e7 d4 39. Nxg6 
N@e2+ 40. Qxe2 
{Thufir forfeits on time} 1-0

[Event "fics rated crazyhouse match"]
[Site "fics, Oklahoma City, OK USA"]
[Date "2000.02.13"]
[White "Thufir"]
[WhiteElo "2377"]
[Black "XXNoWay"]
[BlackElo "2293"]
[TimeControl "60+0"]
[Result "1-0"]

1. e4 e5 2. Nc3 d6 3. Bc4 Nc6 4. Nf3 Nf6 5. h3 Be7 6. d3 
O-O 7. O-O Nd4 8. Nxd4 exd4 9. Ne2 c5 10. N@f5 Bxf5 11. exf5 N@a6 
12. Bxa6 bxa6 13. N@c6 Qc7 14. Nxe7+ Qxe7 15. B@g5 N@e5 16. Bxf6 Qxf6 17. B@g4 
Nxg4 18. hxg4 N@e5 19. N@h5 Qh4 20. N@f3 Qxg4 21. Nxe5 dxe5 22. N@f6+ Kh8 
23. Nxg4 Rg8 24. Nxe5 B@f6 25. Nxf7# 
{XXNoWay checkmated} 1-0

[Event "fics rated crazyhouse match"]
[Site "fics, Oklahoma City, OK USA"]
[Date "2000.02.13"]
[White "XXNoWay"]
[WhiteElo "2287"]
[Black "Thufir"]
[BlackElo "2383"]
[TimeControl "60+0"]
[Result "0-1"]

1. e4 e6 2. Nc3 Nc6 3. Bb5 Be7 4. Bxc6 bxc6 5. N@h5 Bf8 6. Nf3 
B@g4 7. Ng3 Nf6 8. d3 d6 9. O-O Be7 10. h3 Bxf3 11. Qxf3 N@e5 
12. Qe2 O-O 13. Bf4 Ng6 14. B@e3 e5 15. Bg5 Rb8 16. Bxf6 Bxf6 17. N@f5 
Bxf5 18. Nxf5 N@f4 19. Qf3 B@d7 20. B@g4 Bxf5 21. Bxf5 N@h4 22. Qg4 Nxf5 
23. exf5 B@h5 24. Qxh5 Nxh5 25. fxg6 fxg6 26. B@b3+ d5 27. B@g4 P@d4 28. N@e6 
Qe7 29. Nxf8 Rxf8 30. Nxd5 cxd5 31. Bxd5+ Kh8 32. R@d7 dxe3 33. Rxe7 exf2+ 
34. Rxf2 B@g8 35. Bxg8 Bxe7 36. N@f7+ Rxf7 37. Bxf7 R@h1+ 38. Kxh1 N@g3+ 39. Kh2 
N@f1+ 40. Raxf1 Nxf1+ 41. Kg1 P@h2+ 42. Kxf1 Q@g1+ 43. Ke2 N@g3+ 44. Kf3 Qxf2+ 
45. Kxf2 R@f1+ 46. Ke3 R@e2# 
{XXNoWay forfeits on time} 0-1

[Event "fics rated crazyhouse match"]
[Site "fics, Oklahoma City, OK USA"]
[Date "2000.02.13"]
[White "Thufir"]
[WhiteElo "2389"]
[Black "XXNoWay"]
[BlackElo "2281"]
[TimeControl "60+0"]
[Result "1-0"]

1. e4 e5 2. Nc3 Nf6 3. Bc4 d6 4. Nf3 Be7 5. d3 O-O 6. h3 
Nc6 7. O-O Nd4 8. Nxd4 exd4 9. Ne2 N@e5 10. Nxd4 Nxc4 11. dxc4 c5 
12. Nf5 Bxf5 13. exf5 B@e4 14. N@g3 Bxg2 15. Kxg2 N@h4+ 16. Kh2 d5 17. cxd5 
Qxd5 18. Qxd5 Nxd5 19. P@g2 P@f3 20. B@h1 Nxg2 21. B@e4 Nf6 22. Bxf3 Nh4 
23. P@h6 gxh6 24. Bxh6 P@g7 25. Bxg7 Kxg7 26. N@h5# 
{XXNoWay resigns} 1-0

[Event "fics rated crazyhouse match"]
[Site "fics, Oklahoma City, OK USA"]
[Date "2000.02.13"]
[White "XXNoWay"]
[WhiteElo "2275"]
[Black "Thufir"]
[BlackElo "2395"]
[TimeControl "60+0"]
[Result "1-0"]

1. e4 e6 2. Nc3 Nc6 3. Nf3 Nf6 4. Bb5 Bb4 5. d3 d5 6. e5 
d4 7. O-O dxc3 8. bxc3 Bxc3 9. exf6 Bxf6 10. P@e5 Be7 11. Bxc6+ bxc6 
12. N@h5 Rg8 13. N@g5 B@g6 14. Nxg7+ Rxg7 15. P@f6 Bxf6 16. exf6 Qxf6 17. B@e5 
Qf5 18. Bxg7 N@d7 19. R@g8+ Ke7 20. Ne4 Bb7 21. Bg5+ P@f6 22. Nxf6 Nxf6 
23. B7xf6+ Kd7 24. N@e5+ Kd6 25. Be7+ Kd5 26. P@c4# 
{Thufir checkmated} 1-0

[Event "fics rated crazyhouse match"]
[Site "fics, Oklahoma City, OK USA"]
[Date "2000.02.13"]
[White "Thufir"]
[WhiteElo "2384"]
[Black "XXNoWay"]
[BlackElo "2286"]
[TimeControl "60+0"]
[Result "0-1"]

1. e4 d6 2. d4 Nf6 3. Nc3 Bg4 4. f3 Bd7 5. Be3 Nc6 6. Nh3 
e5 7. d5 Nd4 8. Bxd4 exd4 9. Nb5 B@e5 10. Ng5 Be7 11. Be2 O-O 
12. N@d3 Bxb5 13. Nxe5 Bxe2 14. Qxe2 dxe5 15. Nxf7 Rxf7 16. B@e6 N@f4 17. Bxf7+ 
Kh8 18. Qf2 B@e3 19. Qh4 Nxg2+ 20. Kd1 Nxh4 21. B@e1 P@f2 22. R@e2 fxe1=Q+ 
23. Rhxe1 B@c4 24. P@d3 Nxf3 25. P@f2 P@d2 26. fxe3 dxe1=Q+ 27. Rxe1 Q@d2# 
{Thufir checkmated} 0-1

[Event "fics rated crazyhouse match"]
[Site "fics, Oklahoma City, OK USA"]
[Date "2000.02.13"]
[White "XXNoWay"]
[WhiteElo "2296"]
[Black "Thufir"]
[BlackElo "2374"]
[TimeControl "60+0"]
[Result "1-0"]

1. e4 e6 2. Nf3 Nf6 3. Nc3 Bb4 4. e5 Nd5 5. Bc4 Bxc3 6. dxc3 
Nc6 7. O-O d6 8. B@h4 Qd7 9. Bxd5 exd5 10. N@h5 N@f5 11. exd6 Qxd6 
12. P@g4 P@g6 13. gxf5 gxh5 14. Qe2+ B@e4 15. f6 gxf6 16. N@g7+ Kd8 17. Nxh5 
Bxf3 18. Qxf3 N@e5 19. Bxf6+ P@e7 20. Bxe5 Nxe5 21. Qe2 B@g4 22. f3 Bxh5 
23. B@g5 Rg8 24. P@d4 h6 25. dxe5 Qd7 26. Bxe7+ Qxe7 27. P@f6 Qe6 28. P@e7+ 
Ke8 29. N@g7+ Rxg7 30. fxg7 Qxe7 31. R@f8+ Kd7 32. N@f6+ Kc6 33. Nxd5 B@c5+ 
34. Be3 Bxe3+ 35. Qxe3 B@c5 36. P@b5+ Kxb5 37. c4+ Ka5 38. b4+ Ka4 39. B@b3# 
{Thufir forfeits on time} 1-0

[Event "fics rated crazyhouse match"]
[Site "fics, Oklahoma City, OK USA"]
[Date "2000.02.13"]
[White "XXNoWay"]
[WhiteElo "2315"]
[Black "Thufir"]
[BlackElo "2355"]
[TimeControl "60+0"]
[Result "1-0"]

1. e4 e6 2. Nc3 d6 3. Nf3 Nf6 4. d4 Nc6 5. Bd3 Be7 6. O-O 
O-O 7. e5 Nxd4 8. exf6 Nxf3+ 9. Qxf3 Bxf6 10. N@h5 Be5 11. N@g4 N@d4 
12. Nxe5 Nxf3+ 13. Nxf3 P@g6 14. Nxg7 Qf6 15. B@g5 Qxg7 16. P@h6 Qxh6 17. Bxh6 
P@g7 18. N@e7+ Kh8 19. Bxg7+ Kxg7 20. P@h6+ Kf6 21. Q@g5# 
{Thufir checkmated} 1-0

[Event "fics rated crazyhouse match"]
[Site "fics, Oklahoma City, OK USA"]
[Date "2000.02.13"]
[White "Thufir"]
[WhiteElo "2346"]
[Black "XXNoWay"]
[BlackElo "2324"]
[TimeControl "60+0"]
[Result "1-0"]

1. e4 e5 2. Nf3 d6 3. Bc4 Nf6 4. h3 Be7 5. d3 O-O 6. Nc3 
Nc6 7. O-O h6 8. Be3 a6 9. Nd5 Na5 10. Nxe7+ Qxe7 11. B@d5 Nxc4 
12. Bxc4 B@f4 13. Bxf4 exf4 14. N@f5 Bxf5 15. exf5 B@h5 16. B@e2 Bxf3 17. Bxf3 
N@d4 18. B@d5 Nxd5 19. Bcxd5 Nxf3+ 20. Bxf3 N@h4 21. N@d5 Qg5 22. N@e7+ Kh8 
23. B@g4 B@c6 24. c4 N@d4 25. Kh1 Nhxf3 26. Bxf3 Bxd5 27. Nxd5 Nxf3 28. Qxf3 
N@d4 29. Qxf4 Qxf4 30. Nxf4 B@g5 31. P@e7 Bxf4 32. exf8=Q+ Rxf8 33. B@g3 P@f3 
34. gxf3 B@g2+ 35. Kxg2 Nxf3 36. N@g6# 
{XXNoWay forfeits on time} 1-0

[Event "fics rated crazyhouse match"]
[Site "fics, Oklahoma City, OK USA"]
[Date "2000.02.13"]
[White "XXNoWay"]
[WhiteElo "2317"]
[Black "Thufir"]
[BlackElo "2353"]
[TimeControl "60+0"]
[Result "0-1"]

1. e4 e6 2. Nc3 d6 3. Nf3 Nc6 4. d4 Nf6 5. Bd3 Be7 6. O-O 
e5 7. d5 Nb8 8. Bg5 O-O 9. h3 c6 10. dxc6 bxc6 11. P@h6 gxh6 
12. Bxh6 Re8 13. Ng5 P@g7 14. Bxg7 Kxg7 15. P@h6+ Kxh6 16. Nxf7+ Kg7 17. Nxd8 
Bxd8 18. P@g5 Rg8 19. Qh5 Nxh5 20. Q@h6+ Kf7 21. Qxh5+ B@g6 22. N@h6+ Kf8 
23. Qf3+ P@f4 24. Nxg8 N@h4 25. Qe2 Bxg5 26. P@e7+ Bxe7 27. Nxe7 P@h2+ 28. Kh1 
Kxe7 29. B@g5+ P@f6 30. Bxh4 P@g7 31. N@f5+ Bcxf5 32. exf5 N@g3+ 33. fxg3 fxg3 
34. fxg6 hxg6 35. R@f7+ Kxf7 36. Bxg6+ Kxg6 37. B@f5+ Kf7 38. Qh5+ Ke7 39. Qf7+ 
Kxf7 40. B@e6+ Ke7 41. N@g6+ Kd8 42. Bxf6+ Kc7 43. P@e7 gxf6 44. e8=Q R@g1# 
{XXNoWay forfeits on time} 0-1

[Event "fics rated crazyhouse match"]
[Site "fics, Oklahoma City, OK USA"]
[Date "2000.02.13"]
[White "Thufir"]
[WhiteElo "2360"]
[Black "XXNoWay"]
[BlackElo "2310"]
[TimeControl "60+0"]
[Result "0-1"]

1. e4 d6 2. Nc3 e5 3. Nf3 Nf6 4. d4 exd4 5. Nxd4 Be7 6. Bc4 
O-O 7. P@e6 fxe6 8. Bxe6+ P@f7 9. Bxc8 Qxc8 10. P@g5 B@e5 11. gxf6 B7xf6 
12. B@h3 Qe8 13. N@f5 P@g6 14. Nxg7 Bxg7 15. Be3 P@f4 16. Bxf4 Bxf4 17. P@e3 
Bfe5 18. P@f4 Bxd4 19. exd4 B@b4 20. B@e3 Qxe4 21. O-O Bxc3 22. bxc3 N@f5 
23. Bxf5 Qxf5 24. N@g3 Qd7 25. B@f3 P@h4 26. Ne2 B@f5 27. d5 h3 28. gxh3 
Bxh3 29. P@g2 N@h4 30. gxh3 Nxf3+ 31. Kg2 N@h4+ 32. Kg3 B@e4 33. B@g4 Nf5+ 
34. Bxf5 Qxf5 35. N@g2 P@h4+ 36. Nxh4 Nxh4 37. P@g4 N@h5+ 38. gxh5 Qxh5 39. f3 
Nf5+ 40. Kf2 Qxf3+ 41. Ke1 Qxe3 42. N@g2 P@d2+ 43. Qxd2 Qxd2+ 44. Kxd2 B@e3+ 
45. Nxe3 Nxe3 46. P@h6 N@c4+ 47. Ke1 Q@d2+ 48. Kf2 P@g3+ 49. Kxg3 B@h4# 
{Thufir forfeits on time} 0-1

[Event "fics rated crazyhouse match"]
[Site "fics, Oklahoma City, OK USA"]
[Date "2000.02.13"]
[White "XXNoWay"]
[WhiteElo "2319"]
[Black "Thufir"]
[BlackElo "2351"]
[TimeControl "60+0"]
[Result "0-1"]

1. e4 e6 2. Nc3 d6 3. Nf3 Nf6 4. Bb5+ Bd7 5. O-O Bxb5 6. Nxb5 
B@c6 7. B@a4 Nxe4 8. d3 Nc5 9. Bg5 P@f6 10. Nxc7+ Qxc7 11. Bxc6+ Nxc6 
12. d4 Na4 13. Bc1 B@d5 14. B@b5 Nb6 15. Bxc6+ bxc6 16. Be3 B@a6 17. P@d3 
Bxf3 18. Qxf3 N@h4 19. Qh5 N@f5 20. B@g4 Nxe3 21. fxe3 B@g5 22. Bxe6 Bxe3+ 
23. Kh1 P@g6 24. Qxh4 fxe6 25. P@c5 B@g5 26. cxd6 Bxd6 27. Qg4 P@f5 28. Qf3 
Bxh2 29. N@c5 P@g4 30. Qe2 Qd6 31. N@b7 Rd8 32. Nxd6+ Bxd6 33. P@d7+ Nxd7 
34. Nxd7 N@g3+ 35. Kh2 Nxf1+ 36. Kh1 R@h2# 
{XXNoWay checkmated} 0-1

[Event "fics rated crazyhouse match"]
[Site "fics, Oklahoma City, OK USA"]
[Date "2000.02.13"]
[White "Thufir"]
[WhiteElo "2358"]
[Black "XXNoWay"]
[BlackElo "2312"]
[TimeControl "60+0"]
[Result "0-1"]

1. e4 e5 2. Nf3 d6 3. Bc4 Be7 4. h3 Nf6 5. Nc3 O-O 6. d3 
c6 7. O-O Nbd7 8. a4 Nb6 9. Ba2 a5 10. Ne2 Be6 11. Bxe6 fxe6 
12. Ng3 Nbd7 13. B@h4 B@f4 14. Bxf4 exf4 15. Ng5 fxg3 16. fxg3 B@e3+ 17. P@f2 
Bxg5 18. Bxg5 Ne5 19. B@d4 Nxe4 20. Bxe7 Qxe7 21. dxe4 N@f3+ 22. Kh1 Nxd4 
23. Qxd4 P@f3 24. gxf3 B@c5 25. Qc3 B@e2 26. B@h5 Nxf3 27. P@g2 Bxf1 28. Bxf3 
N@e5 29. Rxf1 Nxf3 30. gxf3 P@e2 31. Rg1 Bxf2 32. N@h5 R@f1 33. N@h6+ gxh6 
34. B@h2 Bxg1 35. N@g4 Bxh2+ 36. Kxh2 R@h1+ 37. Kg2 Rhg1+ 38. Kh2 Rh1+ 39. Kg2 
Rfg1+ 40. Kf2 B@b6+ 41. B@d4 Bxd4+ 42. Qxd4 e1=Q# 
{Thufir checkmated} 0-1

[Event "fics rated crazyhouse match"]
[Site "fics, Oklahoma City, OK USA"]
[Date "2000.02.13"]
[White "XXNoWay"]
[WhiteElo "2321"]
[Black "Thufir"]
[BlackElo "2349"]
[TimeControl "60+0"]
[Result "0-1"]

1. e4 e6 2. Nc3 Nc6 3. Nf3 Nf6 4. Bb5 Bb4 5. e5 Nd5 6. Nxd5 
exd5 7. N@h5 Rg8 8. O-O Be7 9. d4 N@e4 10. Bf4 d6 11. exd6 cxd6 
12. P@d3 Nf6 13. Ng3 Bg4 14. h3 Bxf3 15. Qxf3 N@h4 16. Qe2 P@d7 17. B@g5 
Nxd4 18. Bxh4 Nxe2+ 19. Nxe2 P@c6 20. Ba4 Nh5 21. Bxe7 Qxe7 22. N@f5 Nxf4 
23. Nxf4 B@e5 24. Nxe7 Bxf4 25. N@g4 N@e2+ 26. Kh1 B@e6 27. Nxc6 dxc6 28. N@f6+ 
gxf6 29. Nxf6+ Ke7 30. Nxg8+ Rxg8 31. P@f6+ Kxf6 32. B@h4+ P@g5 33. P@g3 gxh4 
34. gxf4 N@g3+ 35. fxg3 Nxg3+ 36. Kg1 B@e3+ 37. Kh2 Nxf1+ 38. Rxf1 P@g3+ 39. Kh1 
R@h2# 
{XXNoWay checkmated} 0-1

[Event "fics rated crazyhouse match"]
[Site "fics, Oklahoma City, OK USA"]
[Date "2000.02.13"]
[White "Thufir"]
[WhiteElo "2356"]
[Black "XXNoWay"]
[BlackElo "2314"]
[TimeControl "60+0"]
[Result "1-0"]

1. e4 d6 2. d4 Nf6 3. Nc3 Nc6 4. Nf3 Bg4 5. Bb5 e6 6. d5 
Bxf3 7. Qxf3 N@d4 8. Bxc6+ bxc6 9. Qd1 cxd5 10. Qxd4 B@c5 11. Qa4+ Qd7 
12. B@c6 dxe4 13. Bxd7+ Nxd7 14. Nxe4 B@a5+ 15. Qxa5 Be7 16. B@c6 O-O 17. Bxa8 
Bb6 18. Qa3 Rxa8 19. O-O P@b4 20. Qg3 B@h6 21. Bxh6 
{XXNoWay resigns} 1-0